MWL (24 & UNDER)
BARRY'S BAY ORIOLES @ MANHATTEN MEATHEADS
08/17/2029
 
TOP OF THE 1ST
Barry's Bay Orioles batting - Pitching for Manhatten Meatheads : RHP Glenn Ellison
Pitching: RHP Glenn Ellison
Batting: LHB Ryan Rheaume 0-0: Fly out, F7 (Flyball, 7LS)
Batting: RHB Jim Martin 0-0: Foul Ball, location: 2F
0-1: Ball
1-1: Ball
2-1: Ground out 6-3 (Groundball, 6)
Batting: LHB Joe Vásquez 0-0: Ball
1-0: Called Strike
1-1: Foul Ball, location: 2F
1-2: Foul Ball, location: 2F
1-2: Ball
2-2: Ball
3-2: Base on Balls
Batting: LHB Greg Sharpe 0-0: Called Strike
0-1: Ball
1-1: Swinging Strike
1-2: Foul Ball, location: 2F
1-2: Fielders Choice at 2nd, 5-4 (Groundball, 56)
Top of the 1st over - 0 runs, 0 hits, 0 errors, 1 left on base; Barry's Bay 0 - Manhatten 0
BOTTOM OF THE 1ST
Manhatten Meatheads batting - Pitching for Barry's Bay Orioles : RHP Héctor Cardenas
Pitching: RHP Héctor Cardenas
Batting: RHB Ramiro Santana 0-0: Swinging Strike
0-1: Ball
1-1: Ball
2-1: Foul Ball, location: 2F
2-2: Foul Ball, location: 2F
2-2: SINGLE (Groundball, 5S) (infield hit)
Batting: RHB Luis Reynoso 0-0: Fly out, F3 (Popup, 23F)
Batting: LHB Manuel Ortega 0-0: Ball
1-0: Called Strike
1-1: Ball
2-1: Fly out, F7 (Flyball, 7LM)
Batting: RHB James Morris 0-0: Ball
1-0: Ball
2-0: Ball
3-0: Called Strike
3-1: Base on Balls
Ramiro Santana to second
Batting: RHB Manny Velásquez 0-0: Ball
1-0: Ground out 4-3 (Groundball, 4M)
Bottom of the 1st over - 0 runs, 1 hit, 0 errors, 2 left on base; Barry's Bay 0 - Manhatten 0
TOP OF THE 2ND
Barry's Bay Orioles batting - Pitching for Manhatten Meatheads : RHP Glenn Ellison
Batting: RHB River Cunningham 0-0: Foul Ball, location: 2F
0-1: Fly out, F9 (Flyball, 9)
Batting: RHB Lynn Johnson 0-0: Called Strike
Error on foul ball, E2
0-2: Ball
1-2: Ball
2-2: Foul Ball, location: 2F
2-2: Ball
3-2: Base on Balls
Batting: RHB Juan Morales 0-0: Called Strike
0-1: Called Strike
0-2: Strikes out swinging
Batting: RHB Jason Cook 0-0: Called Strike
0-1: Ball
1-1: Ball
2-1: Called Strike
2-2: Strikes out swinging
Top of the 2nd over - 0 runs, 0 hits, 1 error, 1 left on base; Barry's Bay 0 - Manhatten 0
BOTTOM OF THE 2ND
Manhatten Meatheads batting - Pitching for Barry's Bay Orioles : RHP Héctor Cardenas
Batting: LHB Eric Dillard 0-0: Swinging Strike
0-1: Foul Ball, location: 2F
0-2: Ball
1-2: Strikes out looking
Batting: RHB Rudy Boyd 0-0: Ball
1-0: Foul Ball, location: 2F
1-1: Ball
2-1: Ball
3-1: Foul Ball, location: 2F
3-2: Strikes out looking
Batting: RHB Santiago Díaz 0-0: SINGLE (Groundball, 56) (infield hit)
Batting: RHB Ricardo Medina 0-0: Called Strike
0-1: Called Strike
0-2: Strikes out looking
Bottom of the 2nd over - 0 runs, 1 hit, 0 errors, 1 left on base; Barry's Bay 0 - Manhatten 0
TOP OF THE 3RD
Barry's Bay Orioles batting - Pitching for Manhatten Meatheads : RHP Glenn Ellison
Batting: RHB Octávio Aldeguer 0-0: Ball
1-0: Ball
2-0: Foul Ball, location: 2F
2-1: Foul Ball, location: 2F
2-2: SINGLE (Groundball, 4MD)
Batting: LHB Ryan Rheaume 0-0: Foul Ball, location: 2F
0-1: Foul Ball, location: 2F
0-2: Foul Ball, location: 2F
0-2: Ball
1-2: Ball
Wild Pitch!
Octávio Aldeguer to second
2-2: Strikes out looking
Batting: RHB Jim Martin 0-0: Swinging Strike
0-1: Swinging Strike
0-2: Strikes out swinging
Batting: LHB Joe Vásquez 0-0: Ball
1-0: Ball
2-0: Ball
3-0: Base on Balls
Batting: LHB Greg Sharpe 0-0: SINGLE (Groundball, 6D)
Octávio Aldeguer to third
Joe Vásquez to second
Runner from 3rd tries for Home, SAFE, no throw
Batting: RHB River Cunningham 0-0: Ball
1-0: Foul Ball, location: 2F
1-1: Ball
2-1: Ball
3-1: Called Strike
3-2: Strikes out swinging
Top of the 3rd over - 1 run, 2 hits, 0 errors, 2 left on base; Barry's Bay 1 - Manhatten 0
BOTTOM OF THE 3RD
Manhatten Meatheads batting - Pitching for Barry's Bay Orioles : RHP Héctor Cardenas
Batting: RHB Ramiro Santana 0-0: Ball
1-0: Ball
2-0: Ground out 4-3 (Groundball, 34D)
Batting: RHB Luis Reynoso 0-0: Ball
1-0: SINGLE (Line Drive, 34D)
Batting: LHB Manuel Ortega 0-0: Ball
1-0: Fly out, F7 (Flyball, 7S)
Batting: RHB James Morris 0-0: Ball
Luis Reynoso steals 2nd base
1-0: Foul Ball, location: 2F
1-1: Ground out 5-3 (Groundball, 5)
Bottom of the 3rd over - 0 runs, 1 hit, 0 errors, 1 left on base; Barry's Bay 1 - Manhatten 0
TOP OF THE 4TH
Barry's Bay Orioles batting - Pitching for Manhatten Meatheads : RHP Glenn Ellison
Batting: RHB Lynn Johnson 0-0: Fly out, F8 (Flyball, 8LD)
Batting: RHB Juan Morales 0-0: Foul Ball, location: 2F
0-1: Foul Ball, location: 2F
0-2: Strikes out swinging
Batting: RHB Jason Cook 0-0: Called Strike
0-1: Ball
1-1: Foul Ball, location: 2F
1-2: Strikes out swinging
Top of the 4th over - 0 runs, 0 hits, 0 errors, 0 left on base; Barry's Bay 1 - Manhatten 0
BOTTOM OF THE 4TH
Manhatten Meatheads batting - Pitching for Barry's Bay Orioles : RHP Héctor Cardenas
Batting: RHB Manny Velásquez 0-0: Called Strike
0-1: Ball
1-1: Ball
2-1: Foul Ball, location: 2F
2-2: Foul Ball, location: 2F
2-2: Foul Ball, location: 2F
2-2: Ball
3-2: Fly out, F9 (Flyball, 9LS)
Batting: LHB Eric Dillard 0-0: Ball
1-0: Ball
2-0: SINGLE (Groundball, 4MD)
Batting: RHB Rudy Boyd 0-0: Called Strike
0-1: Ball
1-1: Ball
2-1: Foul Ball, location: 2F
2-2: Ball
Throwing error on steal attempt, E2
Eric Dillard to third
3-2: Strikes out swinging
Batting: RHB Santiago Díaz 0-0: Ball
1-0: Ball
2-0: Ball
3-0: Base on Balls
Batting: RHB Ricardo Medina 0-0: Ball
1-0: Ball
2-0: Called Strike
2-1: Ball
3-1: Foul Ball, location: 2F
3-2: Ground out 6-3 (Groundball, 6)
Bottom of the 4th over - 0 runs, 1 hit, 1 error, 2 left on base; Barry's Bay 1 - Manhatten 0
TOP OF THE 5TH
Barry's Bay Orioles batting - Pitching for Manhatten Meatheads : RHP Glenn Ellison
Batting: RHB Octávio Aldeguer 0-0: Swinging Strike
0-1: Ground out U3 (Groundball, 34)
Batting: LHB Ryan Rheaume 0-0: Ball
1-0: Swinging Strike
1-1: Called Strike
1-2: Ball
2-2: Fly out, F7 (Flyball, 78S)
Batting: RHB Jim Martin 0-0: Ball
1-0: Ball
2-0: Foul Ball, location: 2F
2-1: Ball
3-1: Base on Balls
Batting: LHB Joe Vásquez 0-0: SINGLE (Popup, 6D)
Jim Martin to second
Batting: LHB Greg Sharpe 0-0: Called Strike
0-1: Fly out, F5 (Line Drive, 56S)
Top of the 5th over - 0 runs, 1 hit, 0 errors, 2 left on base; Barry's Bay 1 - Manhatten 0
BOTTOM OF THE 5TH
Manhatten Meatheads batting - Pitching for Barry's Bay Orioles : RHP Héctor Cardenas
Batting: RHB Ramiro Santana 0-0: Called Strike
0-1: Ball
1-1: Ball
2-1: Ball
3-1: SINGLE (Groundball, 6MD)
Batting: RHB Luis Reynoso 0-0: Ball
1-0: Called Strike
1-1: Ball
2-1: Ball
3-1: Foul Ball, location: 2F
3-2: Fly out, F8 (Flyball, 89D)
Runner from 1st tags up, SAFE at 2nd
Batting: LHB Manuel Ortega 0-0: Swinging Strike
0-1: Swinging Strike
0-2: Strikes out swinging
Batting: RHB James Morris 0-0: Ball
1-0: Called Strike
1-1: Ball
2-1: Foul Ball, location: 2F
2-2: Foul Ball, location: 2F
2-2: Ball
3-2: Fly out, F9 (Flyball, 9S)
Bottom of the 5th over - 0 runs, 1 hit, 0 errors, 1 left on base; Barry's Bay 1 - Manhatten 0
TOP OF THE 6TH
Barry's Bay Orioles batting - Pitching for Manhatten Meatheads : RHP Glenn Ellison
Batting: RHB River Cunningham 0-0: Called Strike
0-1: Called Strike
0-2: Ball
1-2: Foul Ball, location: 2F
1-2: Strikes out swinging
Batting: RHB Lynn Johnson 0-0: Fly out, F9 (Flyball, 9D)
Batting: RHB Juan Morales 0-0: Ball
1-0: Ball
2-0: Called Strike
2-1: Ball
3-1: Swinging Strike
3-2: Foul Ball, location: 2F
3-2: Foul Ball, location: 2F
3-2: Strikes out looking
Top of the 6th over - 0 runs, 0 hits, 0 errors, 0 left on base; Barry's Bay 1 - Manhatten 0
BOTTOM OF THE 6TH
Manhatten Meatheads batting - Pitching for Barry's Bay Orioles : RHP Héctor Cardenas
Batting: RHB Manny Velásquez 0-0: SINGLE (Line Drive, 9LS)
Batting: LHB Eric Dillard 0-0: Ball
1-0: Swinging Strike
1-1: Foul Ball, location: 2F
1-2: Ball
2-2: Fielders Choice at 2nd, 4-6 (Groundball, 4)
Batting: RHB Rudy Boyd 0-0: DOUBLE (Groundball, 3L)
Eric Dillard to third
Runner from 3rd tries for Home, SAFE, no throw
Pitching: RHP Gordon Young
Batting: RHB Santiago Díaz 0-0: Ball
1-0: Ball
2-0: Called Strike
2-1: Foul Ball, location: 2F
2-2: Strikes out swinging
Batting: RHB Ricardo Medina 0-0: Called Strike
0-1: Swinging Strike
0-2: Ball
1-2: Strikes out swinging
Bottom of the 6th over - 1 run, 2 hits, 0 errors, 1 left on base; Barry's Bay 1 - Manhatten 1
TOP OF THE 7TH
Barry's Bay Orioles batting - Pitching for Manhatten Meatheads : RHP Glenn Ellison
Batting: RHB Jason Cook 0-0: Ball
1-0: Ground out U3 (Groundball, 3L)
Batting: RHB Octávio Aldeguer 0-0: Ball
1-0: Ball
2-0: Ball
3-0: Base on Balls
Batting: LHB Ryan Rheaume 0-0: Foul Ball, location: 2F
0-1: Fly out, F9 (Flyball, 89S)
Batting: RHB Jim Martin 0-0: Called Strike
Octávio Aldeguer is caught stealing 2nd base
Top of the 7th over - 0 runs, 0 hits, 0 errors, 0 left on base; Barry's Bay 1 - Manhatten 1
BOTTOM OF THE 7TH
Manhatten Meatheads batting - Pitching for Barry's Bay Orioles : RHP Gordon Young
Batting: RHB Ramiro Santana 0-0: Ball
1-0: Ball
2-0: Called Strike
2-1: Fly out, F9 (Flyball, 9S)
Batting: RHB Luis Reynoso 0-0: Called Strike
0-1: Swinging Strike
0-2: Fly out, F9 (Flyball, 9)
Batting: LHB Manuel Ortega 0-0: Called Strike
0-1: Ball
1-1: Ball
2-1: Ball
3-1: Swinging Strike
3-2: Foul Ball, location: 2F
3-2: SINGLE (Line Drive, 3L)
Batting: RHB James Morris 0-0: Foul Ball, location: 2F
0-1: Called Strike
Manuel Ortega steals 2nd base
0-2: Ground out 4-3 (Groundball, 4)
Bottom of the 7th over - 0 runs, 1 hit, 0 errors, 1 left on base; Barry's Bay 1 - Manhatten 1
TOP OF THE 8TH
Barry's Bay Orioles batting - Pitching for Manhatten Meatheads : RHP Glenn Ellison
Pitching: LHP Bernard Zuccarello
Batting: RHB Jim Martin 0-0: DOUBLE (Line Drive, 8LXD)
Pinch Hitting: RHB Manny Gutiérrez 0-0: Foul Ball, location: 2F
0-1: Ball
1-1: Foul Ball, location: 2F
1-2: Foul Ball, location: 2F
1-2: Ball
2-2: Strikes out swinging
Pinch Hitting: RHB Sam Lynch 0-0: Ball
1-0: Called Strike
1-1: Foul Ball, location: 2F
1-2: Ball
2-2: 2-RUN HOME RUN (Flyball, 7LD), Distance : 339 ft
Batting: RHB River Cunningham 0-0: Ball
1-0: Foul Ball, location: 2F
1-1: Swinging Strike
1-2: SINGLE (Line Drive, 7S)
Pitching: RHP Doug Acevedo
Batting: RHB Lynn Johnson 0-0: Ball
1-0: Called Strike
1-1: Ball
2-1: Fly out, F8 (Flyball, 8LD)
Batting: RHB Juan Morales 0-0: Called Strike
0-1: Ground out 6-3 (Groundball, 6M)
Top of the 8th over - 2 runs, 3 hits, 0 errors, 1 left on base; Barry's Bay 3 - Manhatten 1
BOTTOM OF THE 8TH
Manhatten Meatheads batting - Pitching for Barry's Bay Orioles : RHP Gordon Young
Now at 1B: Bart Wade
Now in CF: Terry Christian
Batting: RHB Manny Velásquez 0-0: Called Strike
0-1: Ball
1-1: Ball
2-1: Fly out, F7 (Line Drive, 7D)
Batting: LHB Eric Dillard 0-0: Swinging Strike
0-1: Fly out, F8 (Flyball, 78D)
Batting: RHB Rudy Boyd 0-0: Ground out 6-3 (Groundball, 6)
Bottom of the 8th over - 0 runs, 0 hits, 0 errors, 0 left on base; Barry's Bay 3 - Manhatten 1
TOP OF THE 9TH
Barry's Bay Orioles batting - Pitching for Manhatten Meatheads : RHP Doug Acevedo
Batting: RHB Jason Cook 0-0: Ball
1-0: Fly out, F8 (Flyball, 78D)
Batting: RHB Octávio Aldeguer 0-0: Ball
1-0: Ball
2-0: SOLO HOME RUN (Flyball, 7D), Distance : 361 ft
Batting: LHB Ryan Rheaume 0-0: Ball
1-0: Called Strike
1-1: Called Strike
1-2: Foul Ball, location: 2F
1-2: Strikes out swinging
Batting: RHB Jim Martin 0-0: Called Strike
0-1: Foul Ball, location: 2F
0-2: DOUBLE (Groundball, 5L)
Batting: RHB Bart Wade 0-0: Ball
1-0: Ground out 4-3 (Groundball, 4)
Top of the 9th over - 1 run, 2 hits, 0 errors, 1 left on base; Barry's Bay 4 - Manhatten 1
BOTTOM OF THE 9TH
Manhatten Meatheads batting - Pitching for Barry's Bay Orioles : RHP Gordon Young
Pitching: RHP Félix González
Batting: RHB Santiago Díaz 0-0: Called Strike
0-1: Foul Ball, location: 2F
0-2: Ball
1-2: Ball
2-2: Strikes out swinging
Batting: RHB Ricardo Medina 0-0: Ball
1-0: Foul Ball, location: 2F
1-1: Called Strike
1-2: Strikes out swinging
Batting: RHB Ramiro Santana 0-0: Called Strike
0-1: Foul Ball, location: 2F
0-2: Ball
1-2: Ball
2-2: Fly out, F9 (Flyball, 9S)
Bottom of the 9th over - 0 runs, 0 hits, 0 errors, 0 left on base; Barry's Bay 4 - Manhatten 1
Saturday, December 16th, 2017 - OOTP Baseball 18.8 Build 76